 Dungeon Crawl Stone Soup version 0.23.2-40-g277498a001 (webtiles) character file.

Game seed: 16860418750123771358

486 MalarOregon the Sneak (level 7, -6/51 HPs)
             Began as a Merfolk Ice Elementalist on Aug 13, 2019.
             Mangled by Menkaure (16 damage)
             ... on level 4 of the Dungeon.
             The game lasted 00:12:48 (4684 turns).

MalarOregon the Sneak (Merfolk Ice Elementalist)    Turns: 4684, Time: 00:12:48

Health: -6/51      AC:  7    Str:  8    XL:     7   Next: 13%
Magic:  8/11       EV: 13    Int: 16    God:
Gold:   170        SH:  0    Dex: 15    Spells: 4/12 levels left

rFire    . . .     SeeInvis .   a - +2 dagger (venom)
rCold    . . .     Gourm    .   (no shield)
rNeg     + . .     Faith    .   c - +0 robe
rPois    .         Spirit   .   (no helmet)
rElec    .         Reflect  .   (no cloak)
rCorr    .         Harm     .   (no gloves)
MR       .....                  (no boots)
Stlth    +++.......             (no amulet)
HPRegen  0.17/turn              h - ring of positive energy
MPRegen  0.12/turn              m - ring of wizardry

@: icy armour
A: change form in water, swift swim, stealthy swim
a: no special abilities


You were on level 4 of the Dungeon.
You were not hungry.

You visited 1 branch of the dungeon, and saw 4 of its levels.

You collected 170 gold pieces.

Inventory:

Hand Weapons
 a - a +2 dagger of venom (weapon)
   (You took it off a goblin on level 4 of the Dungeon)
 n - a +1 dagger
   (You found it on level 1 of the Dungeon)
Missiles
 b - 5 javelins (quivered)
 g - 5 needles of confusion
Armour
 c - a +0 robe (worn)
Jewellery
 h - a ring of positive energy (left hand)
   (You found it on level 1 of the Dungeon)
 m - a ring of wizardry (right hand)
   (You found it on level 3 of the Dungeon)
 r - a cursed ring of teleportation {unknown}
   (You found it on level 4 of the Dungeon)
Scrolls
 d - 4 scrolls of identify {@r1}
 j - a scroll of blinking
 k - a scroll of enchant weapon
 o - a scroll of teleportation {@r4}
 p - a scroll of magic mapping
Potions
 f - 5 potions of curing {@q1}
 i - 2 potions of heal wounds {@q2}
 l - a potion of brilliance
Comestibles
 e - 7 rations {!d}
 q - a chunk of flesh


   Skills:
 + Level 2.7 Fighting
 + Level 1.8 Short Blades
 - Level 3.0 Dodging
 - Level 5.0 Stealth
 - Level 3.0 Spellcasting
   Level 0.7 Conjurations
 - Level 3.0 Summonings
 - Level 4.5 Ice Magic


You had 4 spell levels left.
You knew the following spells:

 Your Spells              Type           Power        Failure   Level  Hunger
a - Freeze                Ice            ###.         1%          1    #......
b - Ozocubu's Armour      Chrm/Ice       #.......     9%          3    ###....
d - Summon Ice Beast      Ice/Summ       ##......     16%         4    #####..

Your spell library contained the following spells:

 Spells                   Type           Power        Failure   Level  Hunger
 Throw Frost              Conj/Ice       ##....       4%          2    ##.....
 Throw Icicle             Conj/Ice       ##......     26%         4    #####..


Dungeon Overview and Level Annotations

Branches:
Dungeon (4/15)
 Temple: D:4-7

Altars:

Annotations:
D:4 Menkaure, Robin, Sigmund


Message History

Aim: an iguana (moderately wounded)
You freeze the iguana!
The iguana seems to slow down.
Aim: an iguana (severely wounded, slow)
You freeze the iguana.
You kill the iguana!
You start resting.
You butcher the iguana corpse.
q - a chunk of flesh You see here an iguana skeleton. x2
b - 4 javelins (gained 1)
b - 5 javelins (gained 1)
You see here a robe.
b - 6 javelins (gained 1)
You see here a robe.
An adder comes into view.
Unknown command.
The helpless adder fails to defend itself.
You impale the adder!!
You kill the adder!
Found a ring mail.
You open the door.
A worm comes into view.
There is an open door here.
The helpless worm fails to defend itself.
You impale the worm!!
You kill the worm!
Found a ring mail.
Found 19 bolts.
Found 5 gold pieces.
Menkaure, Prince of Dust comes into view.
Menkaure shouts!
You start waiting.
Menkaure is too close now for your liking.
You start waiting.
Menkaure is too close now for your liking.
Throwing (i - inventory)
b - 6 javelins (quivered)
Aim: Menkaure You throw a javelin.
The javelin barely misses Menkaure.
A film of ice covers your body! Menkaure hits you!!
You barely miss Menkaure. Menkaure hits you!
* * * LOW HITPOINT WARNING * * *
Okay, then.
Okay, then.
You hit Menkaure. Menkaure barely misses you.
You hit Menkaure. You hit Menkaure. Menkaure misses you.
You closely miss Menkaure. Menkaure hits you!
* * * LOW HITPOINT WARNING * * *
You hit Menkaure. Menkaure hits you!
You die...

#..### #..... #....#
#....# #.#..# #.#..#
#.#....## ########
#.##..... #...@M.#
#.##..### #.####(#
#.##..... ...#.#
#.##.####
..#####.#.######.##.#...
...M..[...##.....##.#.##
#.$(............'......
#.###.M.........##.#.##
#..####.....##..[.. #..#
#############


You could see Menkaure.

Vanquished Creatures
  Duvessa (D:4)
  A centaur skeleton (D:4)
  A hound (D:4)
  An iguana (D:4)
  Terence (D:2)
  Natasha (thrice) (D:2)
  2 worker ants (D:4)
  4 adders
  2 oozes (D:3)
  4 worms
  A dart slug (D:3)
  6 leopard geckos
  7 orcs
  A ball python (D:2)
  6 bats
  2 giant cockroaches
  11 goblins
  11 hobgoblins
  6 jackals
  9 kobolds
  3 frilled lizards
  5 rats
88 creatures vanquished.

Notes
Turn   | Place    | Note
-------+----------+-------------------------------------------
     0 | D:1      | MalarOregon the Merfolk Ice Elementalist began the quest
                  | for the Orb.
     0 | D:1      | Reached XP level 1. HP: 13/13 MP: 3/3
   300 | D:1      | Reached XP level 2. HP: 20/20 MP: 3/5
  1004 | D:2      | Reached XP level 3. HP: 25/25 MP: 4/6
  1028 | D:2      | Learned a level 3 spell: Ozocubu's Armour
  1079 | D:2      | Reached skill level 1 in Fighting
  1204 | D:2      | Noticed Natasha
  1220 | D:2      | Killed Natasha
  1560 | D:2      | Reached XP level 4. HP: 32/32 MP: 5/7
  1654 | D:2      | Noticed Natasha
  1684 | D:2      | Killed Natasha
  1684 | D:2      | Reached skill level 3 in Stealth
  1717 | D:2      | Noticed Natasha
  1727 | D:2      | Killed Natasha
  1867 | D:2      | Reached XP level 5. HP: 38/38 MP: 5/9
  2042 | D:2      | Noticed Terence
  2052 | D:2      | Killed Terence
  2620 | D:3      | Learned a level 4 spell: Summon Ice Beast
  3021 | D:3      | Reached skill level 1 in Summonings
  3128 | D:3      | Reached skill level 4 in Stealth
  3128 | D:3      | Reached XP level 6. HP: 46/46 MP: 7/10
  3610 | D:4      | Noticed Sigmund
  3695 | D:4      | Noticed Robin
  4071 | D:4      | Noticed Duvessa
  4118 | D:4      | Killed Duvessa
  4118 | D:4      | Reached skill level 5 in Stealth
  4310 | D:4      | Reached skill level 1 in Short Blades
  4310 | D:4      | Reached XP level 7. HP: 6/51 MP: 5/11
  4662 | D:4      | Noticed Menkaure
  4684 | D:4      | Mangled by Menkaure

Skill      XL: |  1  2  3  4  5  6 |
---------------+-------------------+-----
Dodging        | 3 |  3.0
Fighting       | 1 2 |  2.7
Ice Magic      | 4 |  4.5
Stealth        | 3 4 5 |  5.0
Spellcasting   | 3 |  3.0
Summonings     | 1 3 |  3.0
Short Blades   | 1 |  1.8
Conjurations   | |  0.7

Action                   |  1- 3 |  4- 6 |  7- 9 || total
-------------------------+-------+-------+-------++-------
Melee: Dagger            |    14 |   147 |     8 ||   169
Throw: Javelin           |       |     9 |     5 ||    14
 Cast: Freeze            |    34 |    66 |     2 ||   102
       Ozocubu's Armour  |     1 |     3 |     1 ||     5
  Use: Scroll            |     8 |     2 |       ||    10
       Potion            |     1 |       |       ||     1
 Stab: Sleeping          |     2 |     6 |     2 ||    10
       Distracted        |       |     1 |       ||     1
  Eat: Chunk             |     3 |     6 |     1 ||    10
       Ration            |       |     1 |       ||     1
Armor: Robe              |     4 |    34 |       ||    38
Dodge: Dodged            |    22 |   116 |     2 ||   140
